 Dungeon Crawl Stone Soup version 0.24-a0-254-gf493760 (webtiles) character file.

Game seed: 18196383102255812390

65 Gorkamorka the Cudgeler (level 3, 0/34 HPs)
             Began as a Minotaur Berserker on Apr 19, 2019.
             Was a Follower of Trog.
             Succumbed to a gnoll's poison
             ... on level 2 of the Dungeon.
             The game lasted 00:02:59 (719 turns).

Gorkamorka the Cudgeler (Minotaur Berserker)         Turns: 719, Time: 00:02:59

Health: 0/34       AC:  7    Str: 22    XL:     3   Next: 92%
Magic:  2/2        EV: 11    Int:  4    God:    Trog [*.....]
Gold:   15         SH:  0    Dex:  9    Spells: 2/2 levels left

rFire    . . .     SeeInvis .   i - +1 mace (protect)
rCold    . . .     Gourm    .   (no shield)
rNeg     . . .     Faith    .   e - +0 scale mail
rPois    .         Spirit   .   (helmet restricted)
rElec    .         Reflect  .   (no cloak)
rCorr    .         Harm     .   d - +0 pair of gloves
MR       .....                  (no boots)
Stlth    ..........             h - amulet of inaccuracy (curse)
HPRegen  0.11/turn              (no ring)
MPRegen  0.08/turn              (no ring)

@: lethally poisoned (0 -> -5), berserk cooldown
A: retaliatory headbutt, horns 2
a: Berserk, Renounce Religion


You were on level 2 of the Dungeon.
You worshipped Trog.
Trog was aware of your devotion.
You were not hungry.

You visited 1 branch of the dungeon, and saw 2 of its levels.

You collected 15 gold pieces.

Inventory:

Hand Weapons
 a - a +0 mace
 i - a +1 mace of protection (weapon)
Armour
 b - a +0 animal skin
 d - a +0 pair of gloves (worn)
 e - a +0 scale mail (worn)
Jewellery
 h - a cursed amulet of inaccuracy (around neck)
Comestibles
 c - a ration


   Skills:
 * Level 4.5 Fighting
 * Level 4.5 Maces & Flails
 + Level 3.0 Armour
 + Level 2.7 Dodging


You had 2 spell levels left.
You didn't know any spells.
Your spell library was empty.

Dungeon Overview and Level Annotations

Branches:
Dungeon (2/15)

Altars:


Innate Abilities, Weirdness & Mutations

You reflexively headbutt those who attack you in melee.
You have a pair of horns on your head.


Message History

Unknown command.
You are no longer berserk.
You are exhausted.
You feel yourself slow down.
* * * LOW HITPOINT WARNING * * *
You feel sick.
* * * LOW HITPOINT WARNING * * *
You feel sick.
You see here 3 scrolls labeled ETAUSM DES RUAMA.
It was a potion of flight.
You feel very buoyant.
You fly up into the air.
* * * LOW HITPOINT WARNING * * *
You feel sick.
It was a potion of cancellation.
Your magical effects are unravelling.
You feel magically purged.
You feel yourself speed up.
You float gracefully downwards.
You die...

##+## #.# ### ##...## #.#
... #.....## #####.##.#
.....<.## ##........##
.[......####(..#..)...##!
........'.......())......
........####((.#.†#...##.
.......## ##..#..# .....
#.....## ##.#@##.#.##.
##...## #...?....# ##+##
###.###### #.# #.# #.#
#.# #.# ..


There were no monsters in sight!

Vanquished Creatures
  4 gnolls (D:2)
  2 dart slugs (D:1)
  A leopard gecko (D:2)
  A giant cockroach (D:1)
  A goblin (D:1)
  3 hobgoblins (D:1)
  4 jackals (D:1)
  A bat (D:1)
  A frilled lizard (D:2)
  3 kobolds
21 creatures vanquished.

Notes
Turn   | Place    | Note
-------+----------+-------------------------------------------
     0 | D:1      | Gorkamorka the Minotaur Berserker began the quest for the
                  | Orb.
     0 | D:1      | Reached XP level 1. HP: 19/19 MP: 0/0
   138 | D:1      | Reached XP level 2. HP: 26/27 MP: 1/1
   701 | D:2      | Reached XP level 3. HP: 15/33 MP: 2/2
   716 | D:2      | HP: 1/34 [poisoned by a gnoll]
   719 | D:2      | Succumbed to a gnoll's poison

Levels and vault maps discovered:
D:1:      dpeg_arrival_more_subterranean_lakeside_camping, layout_basic
D:2:      layout_loops_corners, gammafunk_temple_overflow_pools, first_ration,
          nemelex_lonely_heart_becter

Skill      XL: |  1  2  3 |
---------------+----------+-----
Fighting       | 4 |  4.5
Maces & Flails | 4 |  4.5
Armour         | 3 |  3.0
Dodging        | |  2.7

Action                   || total
-------------------------++-------
Melee: Mace              ||    39
       Headbutt          ||     8
Invok: Berserk           ||     1
  Use: Scroll            ||     2
       Potion            ||     2
Armor: Scale mail        ||     8
       Animal skin       ||     3
Dodge: Dodged            ||    33

Table legend:
 A = Non-vault XP
 B = Vault XP
 C = Vault XP percentage of total XP
 D = Non-vault monster count
 E = Vault monster count
 F = Vault count percentage of total count
                 A         B        C        D         E       F
            +---------+---------+-------+---------+---------+-------
      Total |      93 |       0 |   0.0 |      21 |       0 |   0.0
            +---------+---------+-------+---------+---------+-------
        D:1 |      30 |       0 |   0.0 |      14 |       0 |   0.0
        D:2 |      63 |       0 |   0.0 |       7 |       0 |   0.0
            +---------+---------+-------+---------+---------+-------
